 Seeded DCSS version 0.27-a0-1158-gaa87e14f67 (webtiles) character file.

Game seed: 6919691055512990457 (custom seed)

6 donath the Insei (level 1, 7/13 HPs)
             Began as an Octopode Transmuter on May 16, 2021.
             Quit the game on level 1 of the Dungeon.
             The game lasted 00:01:05 (304 turns).

donath the Insei (Octopode Transmuter)               Turns: 304, Time: 00:01:05

Health: 7/13       AC:  1    Str:  9    XL:     1   Next: 90%
Magic:  3/3        EV: 13    Int: 15    God:
Gold:   9          SH:  0    Dex: 12    Spells: 3/4 levels left

rFire    . . .     SeeInvis .     - Unarmed
rCold    . . .     Faith    .   (no shield)
rNeg     . . .     Spirit   .   (helmet restricted)
rPois    .         Reflect  .   (no amulet)
rElec    .         Harm     .   (no ring)
rCorr    .         Rampage  .   (no ring)
Will     .....                  (no ring)
Stlth    ++........             (no ring)
HPRegen  0.04/turn              (no ring)
MPRegen  0.08/turn              (no ring)
                                (no ring)
                                (no ring)

@: no status effects
A: almost no armour, amphibious, 8 rings, camouflage 1, gelatinous body 1,
(nimble swimmer 1), tentacles
a: no special abilities


You were on level 1 of the Dungeon.
You visited 1 branch of the dungeon, and saw 1 of its levels.

You collected 9 gold pieces.

Inventory:

Missiles
 a - 45 stones
 b - 23 arrows
Jewellery
 c - a ring of fire


   Skills:
 + Level 1.0 Fighting
 + Level 2.0 Dodging
 + Level 3.3 Unarmed Combat
 + Level 2.1 Spellcasting
 + Level 2.0 Transmutations


You had 3 spell levels left.
You knew the following spells:

 Your Spells              Type           Power      Damage    Failure   Level
a - Beastly Appendage     Tmut           14%        N/A       10%         1

Your spell library contained the following spells:

 Spells                   Type           Power      Damage    Failure   Level
 Wereblood                Tmut           7%         N/A       14%         2
 Spider Form              Tmut/Pois      2%         N/A       41%         3
 Ice Form                 Ice/Tmut       4%         N/A       82%         4
 Hydra Form               Tmut           3%         N/A       95%         5


Dungeon Overview and Level Annotations

Branches:
Dungeon (1/15)

Altars:


Innate Abilities, Weirdness & Mutations

You cannot wear most types of armour.
You are amphibious.
You can wear up to eight rings at the same time.
Your skin changes colour to match your surroundings (Stealth+).
Your rubbery body absorbs attacks. (AC +1, EV +1)
((You are camouflaged near water. (Stealth+)))
You have tentacles for arms and can constrict up to eight enemies at once.


Message History

The goblin closely misses you. The frilled lizard bites you.
You closely miss the frilled lizard. Your grab misses the frilled lizard.
Your squeeze misses the frilled lizard.
The frilled lizard is heavily wounded.
The goblin hits you with a +0 dagger. The frilled lizard barely misses you.
You tentacle-slap the frilled lizard.
You kill the frilled lizard!
The goblin hits you with a +0 dagger.
You closely miss the goblin. Your grab misses the goblin.
You pierce the goblin.
You kill the goblin!
Things that are here:
a +0 dagger; a goblin corpse Your tentacle spike disappears.
Magic restored.
Found a robe.
A dart slug comes into view.
Found a wooden ring.
Found 9 gold pieces.
The helpless dart slug fails to defend itself.
You tentacle-slap the dart slug. You grab the dart slug.
The dart slug is heavily wounded.
You constrict the dart slug. The dart slug barely misses you.
You tentacle-slap the dart slug.
The dart slug is severely wounded.
You constrict the dart slug. The dart slug launches a dart at you.
The slug dart hits you!
Ouch! That really hurt!
You tentacle-slap the dart slug.
The dart slug is almost dead.
You constrict the dart slug. You tentacle-slap the dart slug.
You kill the dart slug!
c - a ring of fire
Found a dagger.
Found a stone staircase leading down.
You now have 9 gold pieces.
A rat comes into view.
Unknown command.
Are you sure you want to abandon this character and quit the game? (Confirm with "yes".)

### #####..^..#..#
..............####
########..#......#
##.#......#
#........#
##.#...... #.#
..... #.# .... #@#
### #..# ##.# ).
#.. .>. r..# ...#


You could see a rat (asleep).

Vanquished Creatures
  A dart slug (D:1)
  2 goblins (D:1)
  A frilled lizard (D:1)
4 creatures vanquished.

Notes
Turn   | Place    | Note
-------+----------+-------------------------------------------
     0 | D:1      | donath the Octopode Transmuter began the quest for the Orb.
     0 | D:1      | Reached XP level 1. HP: 13/13 MP: 3/3
   304 | D:1      | Quit the game

Illustrated notes

Levels and vault maps discovered:
D:1:      dpeg_arrival_arbitrary_a, layout_basic

Action                   || total
-------------------------++-------
Melee: Unarmed           ||    14
       Constrict         ||     2
       Kick              ||     1
 Cast: Beastly Appendage ||     1
 Stab: Sleeping          ||     1
Dodge: Dodged            ||     7

Table legend: (Time is in decaauts)
 A = Elapsed time spent in this place.
 B = Non-inter-level travel time spent in this place.
 C = Inter-level travel time spent in this place.
 D = Time resting spent in this place.
 E = Time spent auto-exploring this place.
 F = Levels seen in this place.
 G = Mean time per level.
                   A        B        C        D        E       F      G
               +--------+--------+--------+--------+--------+-----+--------+
         Total |    303 |    303 |      0 |      0 |    248 |   1 |  303.0 |
       Dungeon |    303 |    303 |      0 |      0 |    248 |   1 |  303.0 |
               +--------+--------+--------+--------+--------+-----+--------+

Top non-repeatable levels by time:
     D:1: 303 daAuts
